 Dungeon Sprint DCSS version 0.21-a0-358-g8928369 (webtiles) character file.

1257 IWILLDERPYOU the Cleaver (level 8, -2/47 HPs)
             Began as a Vine Stalker Fighter on Oct 12, 2017.
             Was a Priest of the Shining One.
             Slain by a demonic crawler (9 damage)
             ... in the Dungeon (Sprint I: "Red Sonja").
             The game lasted 00:05:13 (399 turns).

IWILLDERPYOU the Cleaver (Vine Stalker Fighter)      Turns: 399, Time: 00:05:13

Health: -2/47      AC:  8    Str: 21    XL:     8   Next: 51%
Magic:  0/9        EV:  9    Int:  8    God:    the Shining One [***...]
Gold:   438        SH: 11    Dex: 14    Spells: 7/7 levels left

rFire    . . .     SeeInvis .   a - +0 war axe
rCold    . . .     Gourm    .   c - +0 shield
rNeg     + . .     Faith    .   b - +0 scale mail
rPois    .         Spirit   +   (no helmet)
rElec    .         Reflect  .   (no cloak)
rCorr    .         Harm     .   (no gloves)
MR       +....     NoTele   +   (no boots)
Stlth    ..........             (no amulet)
HPRegen  0.55/turn              (no ring)
MPRegen  0.11/turn              (no ring)

@: glowing
A: fangs 3, regeneration 1, magic shield, antimagic bite, no potion heal 3, rot
immunity
a: Divine Shield, Renounce Religion


You were in the Dungeon.
You worshipped the Shining One.
The Shining One was most pleased with you.
You were not hungry.

You visited 1 branch You collected 438 gold pieces.

Inventory:

Hand Weapons
 a - a +0 war axe (weapon)
Armour
 b - a +0 scale mail (worn)
 c - a +0 shield (worn)
Wands
 l - a wand of random effects (30/48)
Potions
 d - a potion of might
 e - a potion of curing
 g - a potion of heal wounds
 h - a potion of haste
 i - 2 potions of magic
Comestibles
 f - a bread ration


   Skills:
 + Level 8.0 Fighting
 + Level 10.6 Axes
 + Level 7.3 Armour
 + Level 1.5 Dodging
 + Level 8.1 Shields


You had 7 spell levels left.
You didn't know any spells.

Dungeon Overview and Level Annotations

Branches:
Dungeon (1/1)

Altars:
Cheibriados
Dithmenos
Elyvilon
Fedhas
Gozag
Hepliaklqana
Kikubaaqudgha
Makhleb
Nemelex Xobeh
Okawaru
Qazlal
Ru
Sif Muna
Trog
Uskayaw
Vehumet
Wu Jian
Xom
Yredelemnul
Zin
The Shining One
Jiyva
Lugonu

Shops:
D :


Innate Abilities, Weirdness & Mutations

You have razor-sharp teeth.
Your natural rate of healing is unusually fast.
When hurt, damage is shared between your health and your magic reserves.
Your bite disrupts and absorbs the magic of your enemies.
Potions cannot restore your health.
You are immune to rotting.


Message History

You block the demonic crawler's attack.
You fail to use your ability.
You block the demonic crawler's attack.
The demonic crawler hits you but does no damage.
The demonic crawler hits you!
The demonic crawler completely misses you.
You block the demonic crawler's attack. The demonic crawler hits you!
* * * LOW HITPOINT WARNING * * *
Your shield and scale mail prevent you from hitting the demonic crawler.
The demonic crawler is moderately wounded.
You hit the demonic crawler but do no damage.
You block the demonic crawler's attack. The demonic crawler barely misses you.
The demonic crawler hits you but does no damage.
The demonic crawler hits you.
* * * LOW HITPOINT WARNING * * *
The demonic crawler hits you.
* * * LOW HITPOINT WARNING * * *
The demonic crawler closely misses you.
The demonic crawler hits you but does no damage. x2
The demonic crawler hits you!
You die...

##################
.#..'..#__#..'...#
.').#..'..'..#..s##+#
'#####'#__####..@ss.#
.#...#.#### #####s.+
##..##.# ## _##)#_.+
..'..._# _##_.#'#
_###+#.# ## ###


You could see 4 demonic crawlers.

Vanquished Creatures
  2 kobold demonologists (D)
  A slime creature (D)
  Sigmund (D)
  A yak (D)
  A floating eye (D)
  An ogre (D)
  A jelly (D)
  Ijyb (D)
9 creatures vanquished.

Notes
Turn   | Place    | Note
-------+----------+-------------------------------------------
     0 | D        | IWILLDERPYOU the Vine Stalker Fighter began the quest for the Orb.
     0 | D        | Reached XP level 1. HP: 11/11 MP: 2/2
     2 | D        | Noticed Ijyb
    15 | D        | Killed Ijyb
    15 | D        | Reached skill level 2 in Axes
    15 | D        | Reached XP level 2. HP: 5/17 MP: 1/3
    15 | D        | Reached XP level 3. HP: 6/21 MP: 1/4
    20 | D        | Noticed an ogre
    25 | D        | Killed an ogre
    25 | D        | Reached skill level 4 in Axes
    25 | D        | Reached skill level 5 in Shields
    25 | D        | Gained mutation: Your natural rate of healing is unusually fast. [Vine Stalker growth]
    25 | D        | Reached XP level 4. HP: 13/26 MP: 5/5
    68 | D        | Noticed Sigmund
    77 | D        | Killed Sigmund
    77 | D        | Reached skill level 5 in Axes
    77 | D        | Reached skill level 5 in Armour
    77 | D        | Reached XP level 5. HP: 30/32 MP: 4/6
    77 | D        | Reached XP level 6. HP: 33/36 MP: 4/7
   118 | D        | Found an ornate altar of the Wu Jian Council.
   118 | D        | Found a deep blue altar of Sif Muna.
   120 | D        | Found a radiant altar of Vehumet.
   127 | D        | Reached skill level 6 in Axes
   165 | D        | Found Lutwutuann's Book Emporium.
   165 | D        | Found an ancient bone altar of Kikubaaqudgha.
   165 | D        | Found a hazy altar of Hepliaklqana.
   165 | D        | Found a stormy altar of Qazlal.
   165 | D        | Found a hide-covered altar of Uskayaw.
   165 | D        | Found a blossoming altar of Fedhas.
   165 | D        | Found a bloodstained altar of Trog.
   165 | D        | Found an iron altar of Okawaru.
   165 | D        | Found a basalt altar of Yredelemnul.
   165 | D        | Found a glowing golden altar of the Shining One.
   165 | D        | Found a snail-covered altar of Cheibriados.
   165 | D        | Found a sacrificial altar of Ru.
   165 | D        | Found a glowing silver altar of Zin.
   165 | D        | Found a shadowy altar of Dithmenos.
   165 | D        | Found a white marble altar of Elyvilon.
   165 | D        | Noticed a yak
   172 | D        | Killed a yak
   172 | D        | Reached skill level 7 in Axes
   172 | D        | Reached XP level 7. HP: 21/41 MP: 4/8
   206 | D        | Found an opulent altar of Gozag.
   207 | D        | Found a sparkling altar of Nemelex Xobeh.
   220 | D        | Became a worshipper of the Shining One
   237 | D        | Found a burning altar of Makhleb.
   237 | D        | Found a viscous altar of Jiyva.
   237 | D        | Found a shimmering altar of Xom.
   237 | D        | Found a corrupted altar of Lugonu.
   237 | D        | Noticed a slime creature
   242 | D        | Killed a slime creature
   242 | D        | Reached skill level 8 in Axes
   322 | D        | Noticed a kobold demonologist
   322 | D        | Reached * piety under the Shining One
   323 | D        | Noticed a kobold demonologist
   327 | D        | Noticed a sun demon
   328 | D        | Reached skill level 9 in Axes
   353 | D        | Killed a kobold demonologist
   353 | D        | Reached ** piety under the Shining One
   353 | D        | Reached skill level 1 in Dodging
   353 | D        | Gained mutation: You have razor-sharp teeth. [Vine Stalker growth]
   353 | D        | Reached XP level 8. HP: 28/47 MP: 4/9
   356 | D        | Noticed a smoke demon
   363 | D        | Killed a kobold demonologist
   363 | D        | Reached skill level 10 in Axes
   393 | D        | Noticed a demonic crawler
   393 | D        | Noticed a demonic crawler
   393 | D        | Reached *** piety under the Shining One
   393 | D        | Noticed a demonic crawler
   393 | D        | Noticed a demonic crawler
   399 | D        | Slain by a demonic crawler

Vault maps used:
D:        dungeon_sprint_1

Skill      XL: |  1  2  3  4  5  6  7  8 |
---------------+-------------------------+-----
Fighting       | 3 4 6 7 8 |  8.0
Axes           | 2 4 5 7 9 10 | 10.6
Armour         | 3 4 5 6 7 |  7.3
Shields        | 3 5 6 7 8 |  8.1
Dodging        | 1 |  1.5

Action                   |  1- 3 |  4- 6 |  7- 9 || total
-------------------------+-------+-------+-------++-------
Melee: War axe           |    16 |    21 |    28 ||    65
       Bite              |     3 |     7 |    11 ||    21
  Use: Potion            |     1 |       |       ||     1
       Scroll            |       |       |     1 ||     1
Armor: Scale mail        |     3 |     3 |    14 ||    20
Dodge: Dodged            |     3 |     4 |    22 ||    29
Block: Shield            |     8 |     7 |    20 ||    35

Table legend:
 A = Spawn XP
 B = Non-spawn XP
 C = Spawn XP percentage of total XP
 D = Spawn monster count
 E = Non-spawn monster count
 F = Spawn count percentage of total count
 G = Total turns spent on level
                    A         B        C        D         E        F      G
               +---------+---------+-------+---------+---------+-------+---------
         Total |       0 |    1796 |   0.0 |       0 |       9 |   0.0 |   399
               +---------+---------+-------+---------+---------+-------+---------
             D |       0 |    1796 |   0.0 |       0 |       9 |   0.0 |   399
               +---------+---------+-------+---------+---------+-------+---------
